 Dungeon Crawl Stone Soup version 0.28-a0-779-g3d1f99b579 (webtiles) character file.

Game seed: 8158588718445189156

12882 jasper the Cleaver (level 11, -2/84 HPs)
             Began as a Demonspawn Cinder Acolyte on Nov 2, 2021.
             Was an Initiate of Ignis.
             Killed from afar by an ogre mage (24 damage)
             ... with a bolt of magma
             ... on level 11 of the Dungeon.
             The game lasted 00:14:20 (11447 turns).

jasper the Cleaver (Demonspawn Cinder Acolyte)     Turns: 11447, Time: 00:14:20

Health: -2/84      AC: 15    Str: 16    XL:     11   Next: 68%
Magic:  12/12      EV:  9    Int: 18    God:    Ignis [......]
Gold:   616        SH:  5    Dex:  8    Spells: 5/12 levels left

rFire   + + .      SeeInvis .   c - +1 war axe (venom)
rCold   + . .      Faith    .   (no shield)
rNeg    + . .      Spirit   .   k - +0 scale mail
rPois   .          Reflect  +   (no helmet)
rElec   .          Harm     .   (no cloak)
rCorr   .          Rampage  .   p - +1 pair of gloves
Will    .....                   z - +0 pair of boots
Stlth   ..........              K - amulet of reflection
HPRegen 0.24/turn               A - ring of protection from fire
MPRegen 0.13/turn               C - ring of positive energy

@: lethally poisoned (-2 -> -12)
A: icy blue scales 3, demonic guardian 1, ignite blood 2, weakness stinger 1
a: Renounce Religion


You were on level 11 of the Dungeon.
You worshipped Ignis.
Ignis was noncommittal.
You visited 1 branch of the dungeon, and saw 11 of its levels.

You collected 616 gold pieces.

Inventory:

Hand Weapons
 a - a -1 hand axe of flaming
 c - a +1 war axe of venom (weapon)
 f - a +1 war axe of venom
 m - a +0 flail of draining
 x - the +9 hunting sling of Destiny {venom, rC++ Will-}
   (You found it on level 5 of the Dungeon)

   Any ammunition fired from it poisons the flesh of those it strikes.
   rC:        It greatly protects you from cold.
   Will:      It decreases your willpower.
Missiles
 h - 34 poisoned darts (quivered)
 j - 3 boomerangs
 o - 6 curare-tipped darts
 y - 11 sling bullets
 D - 38 stones
 H - a throwing net
Armour
 b - a +0 robe
 g - a +0 helmet
 i - a +0 chain mail
 k - a +0 scale mail (worn)
 p - a +1 pair of gloves (worn)
 z - a +0 pair of boots (worn)
Jewellery
 A - a ring of protection from fire (left hand)
 C - a ring of positive energy (right hand)
 I - a ring of magical power
 K - an amulet of reflection (around neck)
Wands
 d - a wand of charming (13)
 t - a wand of flame (12)
 E - a wand of polymorph (10)
 J - a wand of iceblast (15)
Scrolls
 n - 6 scrolls of magic mapping
 q - 2 scrolls of identify
 r - 3 scrolls of teleportation
 u - a scroll of immolation
 v - 3 scrolls of enchant weapon
 B - 2 scrolls of enchant armour
Potions
 e - a potion of magic
 l - 6 potions of curing
 s - a potion of mutation
 w - 4 potions of might
 G - a potion of attraction
Miscellaneous
 L - a condenser vane (inert)


   Skills:
 + Level 7.6 Fighting
 * Level 11.8 Axes
 - Level 3.0 Slings
 + Level 6.2 Armour
 - Level 1.0 Spellcasting
 + Level 7.3 Necromancy
 - Level 2.6 Fire Magic
 + Level 6.2 Air Magic


You had 5 spell levels left.
You knew the following spells:

 Your Spells              Type           Power      Damage    Failure   Level
a - Vampiric Draining     Necr           27%        2d7       10%         3
b - Swiftness             Air            23%        N/A       16%         3
c - Animate Skeleton      Necr           54%        N/A       3%          1

Your spell library contained the following spells:

 Spells                   Type           Power      Damage    Failure   Level
 Pain                     Necr           100%       1d9       3%          1
 Shock                    Conj/Air       48%        1d6       19%         1
 Scorch                   Fire           20%        2d6       32%         2
 Airstrike                Air            11%        N/A       45%         4
 Slow                     Hex            0%         N/A       54%         1
 Confusing Touch          Hex            0%         N/A       88%         3
 Gell's Gravitas          Tloc           0%         N/A       88%         3
 Teleport Other           Tloc           0%         N/A       88%         3
 Dispersal                Tloc           0%         N/A       100%        6


Dungeon Overview and Level Annotations

Branches:
Dungeon (11/15)            Temple (0/1) D:7            Lair (0/6) D:8
    Orc: D:9-12

Altars:
Cheibriados
Dithmenos
Qazlal
Vehumet

Shops:
D:1 :   D:7 [


Innate Abilities, Weirdness & Mutations

You are completely covered in icy blue scales. (AC +4, rC+)
A weak demonic guardian rushes to your aid.
Your demonic aura often causes spilled blood to erupt in flames.
You have a small tail.


Message History

The death knight offers itself to Yredelemnul, and fills with unholy energy.
The ogre mage gestures wildly while chanting.
The ogre mage flickers and vanishes!
Deactivating autopickup; reactivate with Ctrl-A.
You block the death knight's attack.
You hear some strange, mumbled words.
A bolt of magma appears from out of thin air!
The bolt of magma misses you. You block the death knight's attack.
Something hits you!
You take 10 damage, and have 74/84 hp.
You hear some strange, mumbled words.
You suddenly lose the ability to move!
Something hits you but does no damage.
You are poisoned.
The death knight hits you from afar with a +0 halberd.
You feel very sick.
You hear some strange, mumbled words.
You shrug off the repeated paralysis!
The death knight hits you from afar with a +0 halberd!!
A demonic guardian appears!
You feel sick. Something hits you.
The death knight hits you from afar with a +0 halberd!
Your white imp hits the death knight but does no damage.
You feel sick. Something hits you but does no damage.
You are more poisoned.
The death knight barely misses you.
Your white imp hits the death knight.
Your white imp freezes the death knight.
Your white imp suffers a backlash!
You can move again.
There is a stone staircase leading up, spattered with blood here.
You take 48 damage, and have 26/84 hp.
MASSIVE DAMAGE!!
Unknown command.
Unknown command.
Unknown command.
You feel very sick.
The death knight's dark mirror aura disappears.
You hear some strange, mumbled words.
A bolt of magma appears from out of thin air!
The bolt of magma hits you!! You partially resist.
You die...

#.# #.# #.####.# #.#
#####.####.##..(. ###
#.#####..........##.#.#
##.###..............####.#.#
##..^##.......###.##.# #.#.#
##.....#.).....###.##.# #.#.#
#.....))....5p.)...##.# #.#.#
##...))#........#####.####.#.#
##..)##...{.@..# #.##...#.#
##.###........#####.#.....#(
#.# ####.##..............##
#.# #..##.#####.......#. #.#
##.# ........#...#.# ####.####
.# #####...#####.# #.......#
#.......... #.##.##.#
###Q####### #.##z##.#
#######y.###


You could see a death knight (ally target) and a friendly white imp (summoned).

Vanquished Creatures
  Harold (D:7)
  A boulder beetle (D:11)
  A centaur warrior (D:11)
  3 two-headed ogres
  Maurice (D:8)
  An unseen horror (D:10)
  A troll (D:9)
  5 slime creatures (D:10)
  A meliai zombie (D:11)
  Sigmund (D:6)
  A shadow (D:9)
  Grum (D:9)
  A wyvern (D:9)
  Eustachio (D:6)
  9 yaks
  4 vampire mosquitoes
  2 wargs (D:8)
  3 water moccasins
  4 acid dragons
  5 orc warriors
  A black bear (D:5)
  Duvessa (D:6)
  A sky beast (D:7)
  A hornet zombie (D:9)
  An ice beast (D:8)
  A necrophage (D:6)
  An ogre (D:7)
  7 centaurs
  4 wolves (D:9)
  A phantom (D:6)
  4 bullfrogs
  A wyvern zombie (D:6)
  Dowan (D:6)
  4 killer bees (D:10)
  3 wights (D:8)
  3 howler monkeys (D:11)
  2 centaur zombies (D:9)
  A hound (D:4)
  A jelly (D:4)
  A centaur skeleton (D:5)
  A gnoll shaman (D:7)
  9 orc priests
  3 iguanas
  Ijyb (D:3)
  Terence (D:3)
  7 orc wizards
  2 howler monkey zombies
  8 gnolls
  5 adders
  A shadow imp (D:7)
  A white imp (D:8)
  A worm (D:4)
  21 orcs
  5 ball pythons
  6 endoplasms
  4 giant cockroaches
  10 goblins
  6 hobgoblins
  4 jackals (D:5)
  7 kobolds
  6 quokkas
  3 bats
  3 frilled lizards
  6 rats
208 creatures vanquished.

Vanquished Creatures (others)
  109 foxfires
109 creatures vanquished.

Grand Total: 317 creatures vanquished

Notes
Turn   | Place    | Note
-------+----------+-------------------------------------------
     0 | D:1      | jasper the Demonspawn Cinder Acolyte began the quest for
                  | the Orb.
     0 | D:1      | Reached XP level 1. HP: 18/18 MP: 2/2
   175 | D:1      | Reached skill level 3 in Axes
   551 | D:1      | Found Xixetomy's Book Emporium.
   582 | D:1      | Gained mutation: You are partially covered in icy blue
                  | scales. (AC +2) [demonic ancestry]
   582 | D:1      | Reached XP level 2. HP: 12/24 MP: 3/3
  1605 | D:2      | Reached XP level 3. HP: 29/29 MP: 4/4
  1635 | D:2      | Reached skill level 4 in Axes
  1978 | D:2      | Reached XP level 4. HP: 29/35 MP: 5/5
  2139 | D:2      | Reached skill level 5 in Axes
  2421 | D:2      | Learned a level 3 spell: Vampiric Draining
  2552 | D:3      | Gained mutation: Your demonic aura sometimes causes spilled
                  | blood to erupt in flames. [demonic ancestry]
  2552 | D:3      | Reached XP level 5. HP: 24/41 MP: 6/6
  2827 | D:3      | Noticed Ijyb
  2831 | D:3      | Killed Ijyb
  2844 | D:3      | Found a faded altar of an unknown god.
  2848 | D:3      | Noticed a floating eye
  2854 | D:3      | Noticed a golden eye
  2854 | D:3      | Noticed an eye of devastation
  2854 | D:3      | Noticed an eye of devastation
  2902 | D:3      | Noticed Terence
  2910 | D:3      | Killed Terence
  3032 | D:3      | Learned a level 3 spell: Swiftness
  3330 | D:4      | Reached skill level 6 in Axes
  3518 | D:4      | Gained mutation: Your demonic aura often causes spilled
                  | blood to erupt in flames. [demonic ancestry]
  3518 | D:4      | Reached XP level 6. HP: 47/47 MP: 7/7
  3839 | D:5      | Entered Level 5 of the Dungeon
  3897 | D:5      | Noticed a water moccasin
  3905 | D:5      | Killed a water moccasin
  3917 | D:5      | Reached skill level 7 in Axes
  3932 | D:5      | Identified the +9 hunting sling of Destiny {venom, rC++
                  | Will-}
  4016 | D:5      | Gained mutation: You are mostly covered in icy blue scales.
                  | (AC +3) [demonic ancestry]
  4016 | D:5      | Reached XP level 7. HP: 49/52 MP: 8/8
  4746 | D:6      | Reached skill level 1 in Slings
  4931 | D:6      | Reached skill level 1 in Necromancy
  4936 | D:6      | Reached skill level 1 in Air Magic
  5020 | D:6      | Reached skill level 1 in Armour
  5020 | D:6      | Reached XP level 8. HP: 58/58 MP: 9/9
  5036 | D:6      | Noticed Duvessa
  5036 | D:6      | Noticed Dowan
  5040 | D:6      | Killed Duvessa
  5044 | D:6      | Killed Dowan
  5045 | D:6      | Reached skill level 8 in Axes
  5077 | D:6      | Noticed Eustachio
  5097 | D:6      | Killed Eustachio
  5261 | D:6      | Noticed Sigmund
  5266 | D:6      | Killed Sigmund
  5999 | D:7      | Gained mutation: You are completely covered in icy blue
                  | scales. (AC +4, rC+) [demonic ancestry]
  5999 | D:7      | Reached XP level 9. HP: 66/66 MP: 10/10
  6062 | D:7      | Found a staircase to the Ecumenical Temple.
  6098 | D:7      | You fall into a shaft and drop 2 floors!
  6295 | D:9      | Reached skill level 9 in Axes
  6342 | D:9      | Noticed a two-headed ogre
  6344 | D:9      | Noticed Grum
  6372 | D:9      | Killed a two-headed ogre
  6373 | D:9      | Reached skill level 5 in Fighting
  6379 | D:9      | Killed Grum
  6640 | D:8      | Gained mutation: You have a small tail. [demonic ancestry]
  6640 | D:8      | Reached XP level 10. HP: 49/74 MP: 11/11
  6910 | D:8      | Found a staircase to the Lair.
  6925 | D:8      | Noticed Maurice
  6946 | D:8      | Killed Maurice
  6947 | D:8      | Reached skill level 10 in Axes
  6947 | D:8      | Reached skill level 5 in Necromancy
  7503 | D:7      | Found Kerrutom's Armour Shoppe.
  7709 | D:7      | Noticed Harold
  7726 | D:7      | Killed Harold
  8233 | D:8      | Learned a level 1 spell: Animate Skeleton
  8486 | D:9      | Reached skill level 5 in Armour
  8699 | D:9      | Reached skill level 5 in Air Magic
  9006 | D:10     | Entered Level 10 of the Dungeon
  9566 | D:10     | HP: 3/77 [large slime creature (15)]
  9590 | D:10     | Reached skill level 11 in Axes
  9590 | D:10     | Gained mutation: A weak demonic guardian rushes to your
                  | aid. [demonic ancestry]
  9590 | D:10     | Reached XP level 11. HP: 45/83 MP: 12/12
 10424 | D:10     | Found a snail-covered altar of Cheibriados.
 10425 | D:10     | Found a radiant altar of Vehumet.
 10426 | D:10     | Found a stormy altar of Qazlal.
 10426 | D:10     | Found a shadowy altar of Dithmenos.
 10639 | D:11     | Noticed a two-headed ogre
 10661 | D:11     | Killed a two-headed ogre
 10946 | D:11     | Noticed a centaur warrior
 10952 | D:11     | Killed a centaur warrior
 11104 | D:11     | Noticed a two-headed ogre
 11124 | D:11     | Noticed a boulder beetle
 11137 | D:11     | Killed a boulder beetle
 11151 | D:11     | Killed a two-headed ogre
 11187 | D:11     | Noticed a tengu warrior
 11416 | D:11     | Noticed an ogre mage
 11417 | D:11     | Noticed a death knight
 11430 | D:11     | Noticed a skeletal warrior
 11430 | D:11     | Noticed a skeletal warrior
 11430 | D:11     | Noticed a skeletal warrior
 11431 | D:11     | Noticed a skeletal warrior
 11442 | D:11     | Paralysed by something for 5 turns
 11447 | D:11     | Killed from afar by an ogre mage

Illustrated notes

Levels and vault maps discovered:
D:1:      dpeg_arrival_shrine, layout_loops_corners, serial_shops, shop
D:2:      layout_basic, minmay_pentomino_t4
D:3:      layout_rooms, hellmonk_ecumenical_altar_watching_god, uniq_ijyb,
          uniq_terence
D:4:      layout_rooms
D:5:      layout_basic
D:6:      layout_cave_pools, uniq_eustachio, uniq_duvessa, uniq_sigmund
D:7:      layout_basic, temple_fountains, serial_shops, nicolae_lakefront_shop,
          uniq_harold
D:8:      layout_loops_ring, erik_lair_orcish_takeover,
          minmay_misc_feat_hallway, uniq_maurice
D:9:      layout_basic, small_statue_alley_b, uniq_grum
D:10:     layout_loops_ring, mainiacjoe_overflow_alcove_3, grunt_ministairs_13
D:11:     layout_loops_ring, minmay_the_grid_square_5x5_3x3_mashed
          [minmay_the_grid_square_5x5_empty, minmay_the_grid_square_5x5_bridge,
          minmay_the_grid_square_5x5_bracketed,
          minmay_the_grid_square_5x5_gyroscope,
          minmay_the_grid_square_5x5_megaprize_crossed,
          minmay_the_grid_square_5x5_comb, minmay_the_grid_square_5x5_shrine2,
          minmay_the_grid_square_5x5_inner_z,
          minmay_the_grid_square_5x5_detours]

Skill      XL: |  1  2  3  4  5  6  7  8  9 10 11 |
---------------+----------------------------------+-----
Axes           | 3 4 5 6 7 8 9 11 | 11.8
Slings         | 3 |  3.0
Necromancy     | 1 3 4 6 7 |  7.3
Air Magic      | 1 2 4 5 6 |  6.2
Armour         | 1 2 4 5 6 |  6.2
Fighting       | 4 5 6 7 |  7.6
Spellcasting   | |  1.0
Fire Magic     | |  2.6

Action                   |  1- 3 |  4- 6 |  7- 9 | 10-12 || total
-------------------------+-------+-------+-------+-------++-------
Melee: Hand axe          |    46 |       |       |    12 ||    58
       War axe           |    53 |   104 |       |    30 ||   187
       Tailslap          |       |       |       |     6 ||     6
       Hunting sling     |       |       |       |     3 ||     3
 Fire: Hunting sling     |       |     4 |   201 |   260 ||   465
Throw: Stone             |       |     3 |       |       ||     3
 Cast: Animate Skeleton  |       |       |       |     9 ||     9
       Vampiric Draining |       |       |       |     1 ||     1
Invok: Foxfire Swarm     |     2 |     6 |       |     3 ||    11
Evoke: Wand              |       |     4 |       |     1 ||     5
       Condenser vane    |       |       |       |     1 ||     1
  Use: Scroll            |     3 |     6 |     4 |     9 ||    22
       Potion            |       |       |       |     3 ||     3
Armor: Robe              |    18 |       |       |       ||    18
       Scale mail        |    14 |    68 |    41 |    87 ||   210
       Chain mail        |     1 |       |       |       ||     1
       Skin              |       |       |       |     7 ||     7
Dodge: Dodged            |    45 |    55 |    42 |    54 ||   196
Block: Other             |       |       |       |    19 ||    19
       Reflection        |       |       |       |     2 ||     2

Table legend: (Time is in decaauts)
 A = Elapsed time spent in this place.
 B = Non-inter-level travel time spent in this place.
 C = Inter-level travel time spent in this place.
 D = Time resting spent in this place.
 E = Time spent auto-exploring this place.
 F = Levels seen in this place.
 G = Mean time per level.
                   A        B        C        D        E       F      G
               +--------+--------+--------+--------+--------+-----+--------+
         Total |  11512 |  11176 |    336 |   2079 |   7200 |  11 | 1046.5 |
       Dungeon |  11512 |  11176 |    336 |   2079 |   7200 |  11 | 1046.5 |
               +--------+--------+--------+--------+--------+-----+--------+

Top non-repeatable levels by time:
     D:1: 1607 daAuts
    D:10: 1478 daAuts
     D:9: 1242 daAuts
     D:8: 1127 daAuts
     D:7: 994 daAuts
    D:11: 965 daAuts
     D:2: 964 daAuts
     D:6: 912 daAuts
     D:5: 902 daAuts
     D:3: 680 daAuts
     D:4: 635 daAuts
